 Dungeon Crawl Stone Soup version 0.21-a0-591-g2314aa1 (webtiles) character file.

41 wvc the Covered (level 3, -10/26 HPs)
             Began as a Demonspawn Wanderer on Dec 22, 2017.
             Was an Initiate of Cheibriados.
             Killed by nerve-wracking pain
             ... invoked by an orc priest
              (11 damage)
             ... on level 2 of the Dungeon.
             The game lasted 00:02:19 (929 turns).

wvc the Covered (Demonspawn Wanderer)                Turns: 929, Time: 00:02:20

Health: -10/26     AC:  9    Str: 11    XL:     3   Next: 32%
Magic:  0/3        EV:  8    Int: 16    God:    Cheibriados [......]
Gold:   50         SH:  0    Dex: 14    Spells: 2/2 levels left

rFire    . . .     SeeInvis .   b - +0 hand crossbow
rCold    . . .     Gourm    .   (no shield)
rNeg     . . .     Faith    .   a - +3 scale mail
rPois    .         Spirit   +   (helmet restricted)
rElec    .         Reflect  .   (no cloak)
rCorr    .         Harm     .   (no gloves)
MR       +....                  (no boots)
Stlth    ..........             (no amulet)
HPRegen  0.08/turn              g - ring of protection from magic
MPRegen  0.08/turn              (no ring)

@: invisible, slow
A: horns 1, magic shield
a: Bend Time, Renounce Religion


You were on level 2 of the Dungeon.
You worshipped Cheibriados.
Cheibriados was noncommittal.
You were not hungry.

You visited 1 branch of the dungeon, and saw 2 of its levels.

You collected 50 gold pieces.

Inventory:

Hand Weapons
 b - a +0 hand crossbow (weapon)
 e - a +1 blowgun
Missiles
 c - 5 bolts (quivered)
 d - 28 poisoned needles
Armour
 a - a +3 scale mail (worn)
Jewellery
 g - a ring of protection from magic (left hand)
Wands
 l - a wand of scattershot (6)
Scrolls
 k - a scroll of remove curse
Potions
 i - a potion of lignification {unknown}
 j - a potion of resistance {unknown}
 n - a potion of brilliance {unknown}
 o - a potion of invisibility
Comestibles
 f - 2 rations


   Skills:
 + Level 1.4 Fighting
 - Level 2.6 Crossbows
 - Level 1.0 Throwing
 + Level 3.0 Armour
 + Level 0.2 Dodging
   Level 1.0 Summonings
   Level 1.7 Ice Magic
 - Level 1.0 Evocations


You had 2 spell levels left.
You didn't know any spells.

Dungeon Overview and Level Annotations

Branches:
Dungeon (2/15)

Altars:
Cheibriados
Kikubaaqudgha


Innate Abilities, Weirdness & Mutations

You have a pair of small horns on your head.
When hurt, damage is shared between your health and your magic reserves.


Message History

You feel blessed for a moment.
It was a scroll of remove curse.
The orc priest hits you but does no damage.
The orc hits you but does no damage. The orc wizard hits you with a dagger.
* * * LOW HITPOINT WARNING * * *
As you read the scroll labeled KENISCH BIROH, it crumbles to dust.
It is a scroll of enchant armour.
Your +2 scale mail glows green for a moment.
The orc priest hits you but does no damage.
The orc barely misses you.
The orc wizard hits you but does no damage.
As you read the scroll labeled YRCHAU NUWISI, it crumbles to dust.
It is a scroll of enchant weapon.
Your +0 blowgun glows red for a moment.
The orc priest hits you with a dagger.
* * * LOW HITPOINT WARNING * * *
The orc hits you but does no damage. The orc wizard completely misses you.
It was a potion of invisibility.
You fade into invisibility!
The orc priest mumbles some strange prayers to Beogh against you.
Pain shoots through your body!
You die...

#..#...#...#...#...### #####
#_...................# #...##
#..#...#...#...#...#.###.#...
#.................)......#...
####################.).#####.
######...######...#...
.......#...[..###.#.##
###.##........#.# #...##
......o@.####...######.#
....##o#o# ##.........† #
#o#.# #.#####.#.# #.#.# #.#
#..... #.#.# #.# ##.#.# #.#.#
#.# #.... ....# #.# #.#.#
..### #.# #.#.# #.# # #.#


You could see an orc priest, an orc wizard and 2 orcs.

Vanquished Creatures
  A dart slug (D:2)
  A leopard gecko (D:1)
  2 giant cockroaches (D:1)
  7 goblins
  6 hobgoblins
  3 jackals (D:2)
  A quokka (D:2)
  4 bats (D:1)
  3 frilled lizards
  5 kobolds
  3 rats
36 creatures vanquished.

Vanquished Creatures (others)
  5 toadstools (D:1)
5 creatures vanquished.

Grand Total: 41 creatures vanquished

Notes
Turn   | Place    | Note
-------+----------+-------------------------------------------
     0 | D:1      | wvc the Demonspawn Wanderer began the quest for the Orb.
     0 | D:1      | wvc set off with: a +2 scale mail, a +0 hand crossbow, 25 bolts, 11 poisoned needles, a +0 blowgun, a ration
     0 | D:1      | Reached XP level 1. HP: 13/13 MP: 1/1
    38 | D:1      | Reached skill level 2 in Armour
   184 | D:1      | Gained mutation: You have a pair of small horns on your head. [demonic ancestry]
   184 | D:1      | Reached XP level 2. HP: 19/19 MP: 2/2
   614 | D:2      | Reached skill level 1 in Fighting
   622 | D:2      | Gained mutation: When hurt, damage is shared between your health and your magic reserves. [demonic ancestry]
   622 | D:2      | Reached XP level 3. HP: 22/26 MP: 3/3
   677 | D:2      | Found an ancient bone altar of Kikubaaqudgha.
   850 | D:2      | Reached skill level 3 in Armour
   875 | D:2      | Found a snail-covered altar of Cheibriados.
   888 | D:2      | Became a worshipper of Cheibriados the Contemplative
   928 | D:2      | HP: 1/26 [orc priest/dagger (2)]
   929 | D:2      | Killed from afar by an orc priest

Vault maps used:
D:1:      ldierk_walled_garden, dk_noncrumbling_4
D:2:      cheibriados_altar_1, lemuel_coloured_pillars_altar,
          nicolae_ashenzari_panopticon, uniq_terence

Skill      XL: |  1  2  3 |
---------------+----------+-----
Armour         | 2 3 |  3.0
Fighting       | 1 |  1.4
Crossbows      | |  2.6
Throwing       | |  1.0
Dodging        | |  0.2
Summonings     | |  1.0
Ice Magic      | |  1.7
Evocations     | |  1.0

Action                   || total
-------------------------++-------
 Fire: Hand crossbow     ||    90
  Use: Scroll            ||     3
       Potion            ||     1
Armor: Scale mail        ||    29
Dodge: Dodged            ||    25

Table legend:
 A = Spawn XP
 B = Non-spawn XP
 C = Spawn XP percentage of total XP
 D = Spawn monster count
 E = Non-spawn monster count
 F = Spawn count percentage of total count
 G = Total turns spent on level
                    A         B        C        D         E        F      G
               +---------+---------+-------+---------+---------+-------+---------
         Total |       0 |      59 |   0.0 |       0 |      36 |   0.0 |   929
               +---------+---------+-------+---------+---------+-------+---------
           D:1 |       0 |      34 |   0.0 |       0 |      22 |   0.0 |   610
           D:2 |       0 |      25 |   0.0 |       0 |      14 |   0.0 |   319
               +---------+---------+-------+---------+---------+-------+---------
